 Dungeon Crawl Stone Soup version 0.23-b1-70-gd12f7cf (webtiles) character file.

Game seed: 11887843366052288640

203 redwoodhats the Sneak (level 5, 0/41 HPs)
             Began as a Barachi Assassin on Feb 5, 2019.
             Was a Follower of Zin.
             Slain by Edmund
             ... wielding a +2 flail of protection
              (14 damage)
             ... on level 4 of the Dungeon on Feb 6, 2019.
             The game lasted 00:41:48 (4401 turns).

redwoodhats the Sneak (Barachi Assassin)            Turns: 4401, Time: 00:41:49

Health: 0/41       AC:  5    Str: 12    XL:     5   Next: 81%
Magic:  5/5        EV: 16    Int: 16    God:    Zin [*.....]
Gold:   81         SH:  0    Dex: 14    Spells: 4/4 levels left

rFire    . . .     SeeInvis .   a - +3 dagger
rCold    . . .     Gourm    .   (no shield)
rNeg     . . .     Faith    .   c - +0 robe
rPois    .         Spirit   .   m - +0 helmet
rElec    .         Reflect  .   d - +0 cloak
rCorr    .         Harm     .   r - +0 pair of gloves
MR       .....                  (no boots)
Stlth    +++.......             (no amulet)
HPRegen  0.13/turn              i - +4 ring of evasion
MPRegen  0.09/turn              t - +4 ring of intelligence

@: slow
A: +LOS, swims, slowness 1, strong legs 1
a: Hop, Recite, Donate Gold, Renounce Religion


You were on level 4 of the Dungeon.
You worshipped Zin.
Zin was aware of your devotion.
You were full.

You visited 1 branch of the dungeon, and saw 4 of its levels.

You collected 181 gold pieces.
You donated 100 gold pieces to Zin.

Inventory:

Hand Weapons
 a - a +3 dagger (weapon)
 b - a +0 blowgun
 h - a +0 hunting sling
 x - a +2 dagger of speed
Missiles
 e - 3 poisoned needles
 f - 2 curare-tipped needles
 j - 135 stones (quivered)
 k - a tomahawk
 n - 4 needles of confusion
 p - 2 javelins
Armour
 c - a +0 robe (worn)
 d - a +0 cloak (worn)
 m - a +0 helmet (worn)
 r - a +0 pair of gloves (worn)
 y - a +0 hat
Jewellery
 i - a +4 ring of evasion (left hand)
 q - a cursed amulet of inaccuracy {unknown}
 t - a +4 ring of intelligence (right hand)
 v - a cursed ring of attention
Wands
 s - a wand of flame (17)
Scrolls
 o - 2 scrolls of remove curse
Comestibles
 g - 2 rations


   Skills:
 + Level 3.4 Fighting
 + Level 3.2 Short Blades
 + Level 2.0(2.8) Slings
 + Level 3.0(3.3) Throwing
 + Level 1.7 Dodging
 + Level 4.5 Stealth
 + Level 0.2 Evocations


You had 4 spell levels left.
You didn't know any spells.
Your spell library was empty.

Dungeon Overview and Level Annotations

Branches:
Dungeon (4/15)
 Temple: D:4-7

Altars:
Gozag
Qazlal
Trog
Zin
The Shining One

Shops:
D:4 [

Annotations:
D:4 Edmund


Innate Abilities, Weirdness & Mutations

Shadows flee at your approach. (+LOS)
You can swim through water.
You cover ground slowly.
You can hop short distances.


Message History

The hobgoblin zombie hits your orc skeleton.
Your orc skeleton is destroyed!
You hit Edmund but do no damage.
Edmund is almost dead.
Edmund misses you.
You hit Edmund but do no damage.
Edmund is almost dead.
You hit Edmund but do no damage.
Edmund is almost dead.
Edmund closely misses you. The crimson imp misses you.
You hit Edmund but do no damage.
Edmund is almost dead.
The crimson imp closely misses you. Edmund barely misses you.
You hit Edmund.
Edmund is almost dead.
The crimson imp misses you.
The crimson imp blinks!
Edmund completely misses you.
You open the door. The orc skeleton barely misses you.
Edmund hits you with a +2 flail of protection!
You die...

#......##'#######......#.
#.....((...............'.
#......................#.
#......................#.
#......................#.
#......................'.
#..>...................#.
#......#'####'###......##
#......#@@......#........
#......#ZZ......#........
#......#.Z...5..#........
#......#...#.'###........
#......#.Z..........Z....
#......#.................
#......+...##.#.#.##...##
#......#....#.#'#*##...#.
#......#...#Z....,*....#.


You could see Edmund, a crimson imp, a goblin zombie, a hobgoblin zombie, a
kobold skeleton and an orc skeleton.

Vanquished Creatures
  Natasha (D:3)
  An orc wizard (D:4)
  Ijyb (D:3)
  A worker ant (D:4)
  2 adders (D:3)
  An ooze (D:1)
  An adder zombie (D:3)
  2 worms (D:3)
  2 dart slugs (D:1)
  3 leopard geckos
  3 orcs (D:4)
  A ball python (D:1)
  6 giant cockroaches
  5 hobgoblins
  2 jackals (D:4)
  4 quokkas
  8 bats
  4 frilled lizards
  2 giant cockroach zombies (D:3)
  7 goblins
  A goblin skeleton (D:4)
  A jackal zombie (D:3)
  3 kobolds
  A kobold skeleton (D:4)
  A leopard gecko zombie (D:3)
  An orc zombie (D:4)
  A quokka skeleton (D:4)
  5 rats
71 creatures vanquished.

Vanquished Creatures (others)
  An orc wizard (D:4)
  An orc skeleton (D:4)
  An orc zombie (D:4)
3 creatures vanquished.

Grand Total: 74 creatures vanquished

Notes
Turn   | Place    | Note
-------+----------+-------------------------------------------
     0 | D:1      | redwoodhats the Barachi Assassin began the quest for the
                  | Orb.
     0 | D:1      | Reached XP level 1. HP: 17/17 MP: 1/1
   432 | D:1      | Reached skill level 4 in Stealth
   432 | D:1      | Reached XP level 2. HP: 9/23 MP: 2/2
  1066 | D:1      | Upgraded the game from 0.23-b1-67-g8bd44de to
                  | 0.23-b1-70-gd12f7cf
  1217 | D:2      | Reached XP level 3. HP: 22/28 MP: 3/3
  2025 | D:2      | Found a stormy altar of Qazlal.
  2026 | D:2      | Found a bloodstained altar of Trog.
  2475 | D:3      | Noticed Natasha
  2488 | D:3      | Noticed Ijyb
  2498 | D:3      | Killed Ijyb
  2498 | D:3      | Reached skill level 1 in Slings
  2498 | D:3      | Reached XP level 4. HP: 22/35 MP: 4/4
  2877 | D:3      | Found an opulent altar of Gozag.
  3088 | D:3      | Killed Natasha
  3088 | D:3      | Reached XP level 5. HP: 36/41 MP: 5/5
  3335 | D:4      | Noticed Edmund
  3341 | D:4      | Found Begolaev's Armour Boutique.
  3596 | D:4      | Found a glowing golden altar of the Shining One.
  4320 | D:4      | Found a glowing silver altar of Zin.
  4327 | D:4      | Became a worshipper of Zin the Law-Giver
  4327 | D:4      | Reached * piety under Zin
  4328 | D:4      | Donated 82 gold pieces to Zin
  4401 | D:4      | Slain by Edmund

Skill      XL: |  1  2  3  4  5 |
---------------+----------------+-----
Stealth        | 4 |  4.5
Fighting       | 3 |  3.4
Slings         | 1 2 |  2.0
Short Blades   | 3 |  3.2
Throwing       | 3 |  3.0
Dodging        | |  1.7
Evocations     | |  0.2

Action                   |  1- 3 |  4- 6 || total
-------------------------+-------+-------++-------
Melee: Dagger            |    88 |   152 ||   240
 Fire: Blowgun           |    32 |    31 ||    63
       Hunting sling     |    16 |     4 ||    20
Throw: Tomahawk          |     1 |     7 ||     8
       Javelin           |       |     3 ||     3
       Throwing net      |       |     1 ||     1
Invok: Donate Gold       |       |     1 ||     1
 Abil: Hop               |     3 |     3 ||     6
Evoke: Wand              |       |     7 ||     7
  Use: Scroll            |     7 |     6 ||    13
       Potion            |     2 |     1 ||     3
 Stab: Sleeping          |       |     4 ||     4
       Held in net/web   |       |     1 ||     1
  Eat: Chunk             |     1 |     2 ||     3
       Ration            |     2 |     2 ||     4
Armor: Robe              |    25 |    27 ||    52
Dodge: Dodged            |    71 |   110 ||   181
